 Dungeon Crawl Stone Soup version 0.15.2 (webtiles) character file.

998 striepan the Carver (level 8, -2/73 HPs)
             Began as a Minotaur Fighter on Dec 21, 2014.
             Killed by divine providence
             ... invoked by an orc priest
              (10 damage)
             ... on Level 4 of the Dungeon.
             The game lasted 00:17:47 (3374 turns).

striepan the Carver (Minotaur Fighter)              Turns: 3374, Time: 00:17:48

HP  -2/73        AC 11     Str 21      XL: 8   Next:  0%
MP   3/3         EV  5     Int  5      God:
Gold 178         SH  0     Dex 12      Spells:  0 memorised,  7 levels left

rFire  . . .     SeeInvis .     a - +1 long sword
rCold  . . .     Clarity  .     p - +0 chain mail
rNeg   . . .     rCorr    .     c - +0 shield
rPois  .         rRot     .     (helmet restricted)
rElec  .         Spirit   .     (no cloak)
SustAb .         Warding  .     r - +0 pair of gloves
rMut   .         Stasis   .     (no boots)
Gourm  .                        (no amulet)
MR     .....                    (no ring)
                                (no ring)

@: confused, not resistant to hostile enchantments, extremely unstealthy
A: retaliatory headbutt, horns 2
a: no special abilities


You were on level 4 of the Dungeon.
You were not hungry.

You visited 1 branch of the dungeon, and saw 4 of its levels.

You collected 178 gold pieces.

Inventory:

Hand weapons
 a - a +1 long sword (weapon)
Armour
 b - a +0 scale mail
 c - a +0 shield (worn)
 p - a +0 chain mail (worn)
 r - a +0 pair of gloves (worn)
 t - a storm dragon hide
Magical devices
 v - a wand of confusion (14) {unknown}
Comestibles
 d - 3 bread rations
 i - 4 fruits
 n - a beef jerky
 w - a meat ration
 x - a chunk of giant frog flesh
Scrolls
 f - 3 scrolls of teleportation
 k - a scroll of noise
 m - a scroll of identify
 s - a scroll of remove curse
 y - a scroll of fear
 z - a scroll of enchant armour {unknown}
Jewellery
 j - an uncursed ring of fire
Potions
 e - a potion of might
 g - a potion of lignification {unknown}
 h - 5 potions of curing {unknown}
 l - a potion of degeneration {unknown}
 o - 2 potions of agility
 q - 2 potions of poison {unknown}
 u - a potion of porridge


   Skills:
 * Level 7.0 Fighting
 + Level 8.9 Long Blades
 * Level 5.0 Armour
 - Level 3.6 Shields


You had 7 spell levels left.
You didn't know any spells.

Dungeon Overview and Level Annotations

Branches:
Dungeon (4/15)
 Temple: D:4-7

Altars:
Dithmenos
Nemelex Xobeh


Innate Abilities, Weirdness & Mutations

You reflexively headbutt those who attack you in melee.
You have a pair of horns on your head.


Message History

The orc priest is almost dead.
Something hits you.
* * * LOW HITPOINT WARNING * * *
You block the orc priest's attack.
You slash the orc priest!
You kill the orc priest!
Your Fighting skill increases to level 7!
You have reached level 8!
You feel stronger.
You hear some strange, mumbled words.
You are confused.
You swing at nothing.
You hear some strange, mumbled words.
The puff of flame hits you!
* * * LOW HITPOINT WARNING * * *
You closely miss something. Your headbutt misses something.
Something hits you but does no damage.
The orc priest invokes the aid of Beogh against you.
Something smites you!
You die...

#.%....... ##......###
#.....### #
###......####
#########............
##....................
#.....................
##....%..........#..
#[@##...........###
#.####.####.... # #o
#.# ..## .# #.# ..#
#.# #. #.# #.. .. #.#
##. .. ..# #. .. .##
... ...


You could see an orc priest.

Vanquished Creatures
  Grinder (D:3)
  The ghost of kae the Sneak, an average SpEn (D:4)
  A phantom (D:4)
  A giant frog (D:4)
  3 scorpions (D:4)
  An orc priest (D:4)
  An iguana (D:4)
  Natasha (thrice) (D:3)
  3 worker ants (D:4)
  6 adders
  3 gnolls
  2 worms (D:2)
  A gnoll skeleton (D:4)
  2 giant geckos
  4 oozes
  3 orcs
  7 bats
  7 hobgoblins
  2 ball pythons
  6 giant cockroaches
  8 giant newts
  8 goblins
  5 jackals
  6 kobolds
  11 rats
96 creatures vanquished.

Notes
Turn   | Place    | Note
--------------------------------------------------------------
     0 | D:1      | striepan, the Minotaur Fighter, began the quest for the Orb.
     0 | D:1      | Reached XP level 1. HP: 19/19 MP: 1/1
   346 | D:1      | Reached XP level 2. HP: 26/26 MP: 1/1
   378 | D:1      | Found a sparkling altar of Nemelex Xobeh.
   870 | D:2      | Reached skill level 4 in Long Blades
   897 | D:2      | Reached XP level 3. HP: 15/31 MP: 2/2
  1311 | D:2      | Reached skill level 5 in Long Blades
  1393 | D:2      | Reached XP level 4. HP: 23/39 MP: 2/2
  1992 | D:3      | Reached skill level 6 in Long Blades
  2096 | D:3      | Reached XP level 5. HP: 43/46 MP: 2/2
  2143 | D:3      | Noticed Grinder
  2153 | D:3      | Killed Grinder
  2153 | D:3      | Reached skill level 5 in Fighting
  2153 | D:3      | Reached skill level 7 in Long Blades
  2153 | D:3      | Reached XP level 6. HP: 18/56 MP: 3/3
  2411 | D:3      | Noticed Natasha
  2421 | D:3      | Killed Natasha
  2603 | D:3      | Noticed Natasha
  2607 | D:3      | Killed Natasha
  2640 | D:3      | Noticed Natasha
  2646 | D:3      | Killed Natasha
  2911 | D:4      | Reached skill level 8 in Long Blades
  2911 | D:4      | Reached XP level 7. HP: 55/62 MP: 3/3
  3025 | D:4      | Noticed kae's ghost (average SpEn)
  3082 | D:4      | Killed kae's ghost
  3144 | D:4      | Found a shadowy altar of Dithmenos.
  3216 | D:4      | Reached skill level 5 in Armour
  3372 | D:4      | Reached XP level 8. HP: 14/73 MP: 3/3
  3374 | D:4      | Killed from afar by an orc priest

Action                   |  1- 3 |  4- 6 |  7- 9 || total
-------------------------+-------+-------+-------++-------
Melee: Long sword        |   114 |   131 |    57 ||   302
  Use: Scroll            |       |     9 |       ||     9
  Eat: Chunk             |     2 |     4 |     2 ||     8
